 Dungeon Crawl Stone Soup version 0.28-a0-1084-ga282ea246d (webtiles) character file.

Game seed: 9249826239212304994

349 Peloso the Covered (level 6, -2/53 HPs)
             Began as a Minotaur Fighter on Dec 10, 2021.
             Was an Initiate of Okawaru.
             Slain by a gnoll (9 damage)
             ... on level 4 of the Dungeon.
             The game lasted 00:05:33 (4472 turns).

Peloso the Covered (Minotaur Fighter)               Turns: 4472, Time: 00:05:34

Health: -2/53      AC: 13    Str: 27    XL:     6   Next: 33%
Magic:  5/5        EV:  9    Int:  5    God:    Okawaru [......]
Gold:   131        SH:  5    Dex: 11    Spells: 5/5 levels left

rFire   . . .      SeeInvis .   a - +0 long sword
rCold   + . .      Faith    .   c - +0 buckler
rNeg    . . .      Spirit   .   t - +0 chain mail
rPois   .          Reflect  .   (helmet restricted)
rElec   .          Harm     .   o - +0 cloak
rCorr   .          Rampage  .   g - +1 pair of gloves
Will    .....                   (no boots)
Stlth   ..........              (no amulet)
HPRegen 0.17/turn               e - ring of protection from cold
MPRegen 0.09/turn               p - +6 ring of strength

@: no status effects
A: horns 2, retaliatory headbutt
a: Renounce Religion


You were on level 4 of the Dungeon.
You worshipped Okawaru.
Okawaru was noncommittal.
You visited 1 branch of the dungeon, and saw 4 of its levels.

You collected 131 gold pieces.

Inventory:

Hand Weapons
 a - a +0 long sword (weapon)
 b - a +2 whip of flaming
Missiles
 u - 2 throwing nets (quivered)
Armour
 c - a +0 buckler (worn)
 g - a +1 pair of gloves (worn)
 o - a +0 cloak (worn)
 t - a +0 chain mail (worn)
Jewellery
 e - a ring of protection from cold (left hand)
 p - a +6 ring of strength (right hand)
Wands
 v - a wand of polymorph (2)
Scrolls
 j - a scroll of enchant weapon
 l - a scroll of blinking
 m - a scroll of identify
 q - 2 scrolls of teleportation
 r - a scroll of silence {unknown}
 s - a scroll of fear {unknown}
Potions
 d - 2 potions of might
 f - a potion of flight
 h - a potion of attraction {unknown}
 i - a potion of heal wounds
 k - a potion of degeneration {unknown}
 n - a potion of curing {unknown}


   Skills:
 + Level 4.6 Fighting
 + Level 5.2 Long Blades
 + Level 5.5 Armour
 + Level 1.5 Dodging
 + Level 0.1 Stealth
 + Level 4.6 Shields


You had 5 spell levels left.
You didn't know any spells.
Your spell library contained the following spells:

 Spells                   Type           Power      Damage    Failure   Level
 Passwall                 Tmut/Erth      0%         N/A       99%         2
 Swiftness                Air            0%         N/A       100%        3
 Summon Small Mammal      Summ           Unusable   N/A       N/A         1
 Call Canine Familiar     Summ           Unusable   N/A       N/A         3
 Summon Guardian Golem    Hex/Summ       Unusable   N/A       N/A         3

Dungeon Overview and Level Annotations

Branches:
Dungeon (4/15)
 Temple: D:4-7

Altars:
Dithmenos
Hepliaklqana
Okawaru


Innate Abilities, Weirdness & Mutations

You have a pair of horns on your head.
You reflexively headbutt those who attack you in melee.


Message History

You completely miss the gnoll. You headbutt the gnoll!
The gnoll is almost dead.
The quokka bites you but does no damage.
The gnoll hits you but does no damage. The gnoll hits you with a +0 whip.
You block the gnoll's attack. The quokka barely misses you.
You barely miss the gnoll. Your headbutt misses the gnoll.
The gnoll is severely wounded.
The gnoll hits you but does no damage. The quokka barely misses you.
You block the gnoll's attack. The gnoll hits you but does no damage.
You hit the gnoll.
You kill the gnoll!
Okawaru accepts your kill. The gnoll closely misses you.
The quokka barely misses you. You furiously retaliate!
You headbutt the quokka!
You kill the quokka!
Okawaru accepts your kill. The gnoll hits you but does no damage.
You slash the gnoll!
The gnoll is severely wounded.
The gnoll hits you from afar with a +0 halberd.
The gnoll hits you but does no damage. x2
You slash the gnoll!
You kill the gnoll!
Okawaru accepts your kill. The gnoll hits you but does no damage.
The gnoll hits you from afar with a +0 halberd!
* * * LOW HITPOINT WARNING * * *
You see here a +0 spear.
Found a war axe.
The gnoll hits you with a +0 halberd.
* * * LOW HITPOINT WARNING * * *
You see here a quokka corpse.
You barely miss the gnoll. Your headbutt misses the gnoll.
The gnoll hits you with a +0 halberd.
* * * LOW HITPOINT WARNING * * *
Your chain mail prevents you from hitting the gnoll.
You block the gnoll's attack.
You slash the gnoll!
The gnoll is heavily wounded.
The gnoll hits you with a +0 halberd!
You die...

.........##..#.....##...
.........#.........# .#.
......#.....#.##.♣♣♣
##....####♣.. ##....##
.≈≈≈ #......## ≈..≈≈≈
##..).)..##♣≈.≈...
...#..........♣ .≈._.
.8....g@).....♣ ≈...
......>.?.....♣
..#......###..♣
........## ..♣ )........
..♣ .....##.# ## ####.
#.# ## ###


You could see a gnoll.

Vanquished Creatures
  A phantom (D:3)
  2 orc priests
  10 gnolls
  4 adders
  2 worms
  2 dart slugs
  2 orcs
  8 endoplasms
  A giant cockroach (D:2)
  7 goblins
  6 hobgoblins
  10 jackals
  5 quokkas
  4 ball pythons
  2 bats (D:1)
  3 frilled lizards
  5 kobolds
  4 rats
  5 bushes (D:2)
83 creatures vanquished.

Vanquished Creatures (others)
  5 plants (D:2)
5 creatures vanquished.

Grand Total: 88 creatures vanquished

Notes
Turn   | Place    | Note
-------+----------+-------------------------------------------
     0 | D:1      | Peloso the Minotaur Fighter began the quest for the Orb.
     0 | D:1      | Reached XP level 1. HP: 19/19 MP: 0/0
   264 | D:1      | Reached XP level 2. HP: 26/27 MP: 1/1
   538 | D:1      | Found a faded altar of an unknown god.
   727 | D:1      | Reached XP level 3. HP: 33/33 MP: 2/2
  1403 | D:2      | Reached skill level 1 in Dodging
  1617 | D:2      | Reached XP level 4. HP: 40/40 MP: 3/3
  2352 | D:3      | Noticed a phantom
  2370 | D:3      | Killed a phantom
  2371 | D:3      | Reached XP level 5. HP: 30/46 MP: 4/4
  2767 | D:3      | Found a hazy altar of Hepliaklqana.
  3099 | D:3      | Reached skill level 5 in Armour
  3511 | D:3      | Found an iron altar of Okawaru.
  3757 | D:3      | Became a worshipper of Warmaster Okawaru
  4129 | D:3      | Reached XP level 6. HP: 39/53 MP: 5/5
  4215 | D:4      | Reached skill level 5 in Long Blades
  4444 | D:4      | Found a shadowy altar of Dithmenos.
  4472 | D:4      | Slain by a gnoll

Illustrated notes

Levels and vault maps discovered:
D:1:      shiori_arrival_oz, layout_basic, shapermc_ecumenical_altar_venn
D:2:      layout_loops_corners, serial_forest, infiniplex_forest_lined_room_2,
          infiniplex_forest_straight_3, infiniplex_forest_end_2,
          infiniplex_forest_clump_long, infiniplex_forest_lined_room_2,
          minmay_surrounded
D:3:      layout_basic, nicolae_hepliaklqana_hippocampus, marbit_many_paths
D:4:      layout_cave_pools, mainiacjoe_overflow_paths,
          nemelex_spade_bored_becter, serial_column_ruins,
          column_ruins_corridor_straight, column_ruins_grid_4,
          column_ruins_open_tiny, column_ruins_open_tiny,
          column_ruins_open_small, column_ruins_corridor_dead_end,
          kennysheep_generic_room_15

Skill      XL: |  1  2  3  4  5  6 |
---------------+-------------------+-----
Shields        | 4 |  4.6
Armour         | 4 5 |  5.5
Long Blades    | 3 4 5 |  5.2
Fighting       | 4 |  4.6
Dodging        | 1 |  1.5
Stealth        | |  0.1

Action                   |  1- 3 |  4- 6 || total
-------------------------+-------+-------++-------
Melee: Long sword        |    84 |   324 ||   408
       Headbutt          |    17 |   104 ||   121
  Use: Scroll            |       |     4 ||     4
Armor: Scale mail        |    44 |    36 ||    80
       Chain mail        |       |    34 ||    34
Dodge: Dodged            |    41 |    64 ||   105
Block: Buckler           |    18 |    40 ||    58

Table legend: (Time is in decaauts)
 A = Elapsed time spent in this place.
 B = Non-inter-level travel time spent in this place.
 C = Inter-level travel time spent in this place.
 D = Time resting spent in this place.
 E = Time spent auto-exploring this place.
 F = Levels seen in this place.
 G = Mean time per level.
                   A        B        C        D        E       F      G
               +--------+--------+--------+--------+--------+-----+--------+
         Total |   4564 |   4244 |    320 |    472 |   2791 |   4 | 1141.0 |
       Dungeon |   4564 |   4244 |    320 |    472 |   2791 |   4 | 1141.0 |
               +--------+--------+--------+--------+--------+-----+--------+

Top non-repeatable levels by time:
     D:3: 2021 daAuts
     D:2: 1476 daAuts
     D:1: 929 daAuts
     D:4: 137 daAuts
